Map: Acropolis LE

Players

BirdofPrey - Winner!

  • Race: Terran Terran
  • League: Master
  • Spawn Location: 11:00

Sapien

  • Race: Zerg Zerg
  • League: Master
  • Spawn Location: 5:00

VOD

Have the link to the VOD?

Description

Time

  • Played on: July 7, 2019, 12:50 a.m.
  • Length: 11:58
Show
View Real Time Build Order
Export as new Build Order

BirdofPrey Terran - Winner!

Build Orders: Gas First Reaper Expand 

Get SALT Encoding   

  12  0:00  SCV  
  13  0:13  SCV  
  14  0:17  Supply Depot  
  14  0:25  SCV  
  15  0:31  Refinery  
  15  0:38  SCV  
  16  0:44  Barracks  
  16  0:50  SCV  
  17  1:02  SCV  
  18  1:15  SCV  
  19  1:30  Orbital Command  
  19  1:31  Reaper  
  20  1:41  Command Center  
  20  1:57  SCV  
  20  1:58  Factory  
  21  2:08  Supply Depot  
  21  2:09  SCV  
  21  2:10  Barracks Reactor  
  22  2:21  SCV  
  23  2:42  SCV  
  24  2:53  Hellion  
  24  2:54  Hellion, SCV, Orbital Command  
  24  2:56  Marine  
  30  2:59  Command Center  
  30  3:06  SCV  
  31  3:14  Refinery  
  31  3:20  Hellion x2  
  31  3:21  Barracks Tech Lab  
  35  3:27  Starport  
  35  3:34  SCV  
  35  3:38  SCV  
  37  3:41  Stimpack, Marine  
  37  3:46  SCV  
  39  3:54  SCV  
  40  3:56  Factory Tech Lab  
  40  3:58  SCV  
  40  4:01  Marine  
  42  4:04  Barracks  
  42  4:05  Starport Reactor  
  42  4:07  SCV, Barracks  
  43  4:11  SCV  
  43  4:16  Orbital Command  
  44  4:19  SCV  
  45  4:24  Marine  
  45  4:25  Siege Tank  
  49  4:31  SCV x2  
  51  4:40  Engineering Bay  
  51  4:42  Engineering Bay  
  51  4:43  SCV  
  51  4:44  SCV  
  53  4:49  SCV  
  53  4:50  Supply Depot  
  53  4:51  Supply Depot  
  54  4:56  SCV, Marine x3  
  61  5:00  Siege Tank  
  61  5:01  Starport Reactor  
  61  5:03  Refinery  
  61  5:07  Refinery  
  61  5:11  Terran Infantry Weapons Level 1  
  61  5:12  SCV x2  
  63  5:17  SCV, Marine x4  
  68  5:24  SCV  
  68  5:25  SCV  
  68  5:26  Terran Infantry Armor Level 1  
  70  5:29  SCV  
  70  5:35  Supply Depot  
  71  5:36  SCV  
  71  5:37  SCV  
  71  5:40  Barracks  
  71  5:41  SCV  
  74  5:44  Combat Shield  
  74  5:45  Barracks  
  74  5:48  SCV  
  75  5:59  Marine x5  
  75  6:00  Siege Tank, Medivac  
  85  6:10  SCV x2  
  88  6:12  Supply Depot  
  88  6:14  Supply Depot  
  88  6:15  Orbital Command  
  88  6:16  Medivac  
  89  6:21  Armory  
  89  6:22  SCV  
  89  6:23  SCV  
  91  6:26  Marine x2  
  91  6:29  Barracks Reactor  
  91  6:32  Barracks Reactor  
  93  6:33  Marine x3  
  93  6:35  Supply Depot  
  93  6:36  SCV  
  93  6:38  SCV  
  98  6:40  SCV  
  98  6:44  Marine x2  
  101  6:48  SCV  
  101  6:50  SCV  
  101  6:53  Marine  
  104  6:55  SCV  
  104  7:00  SCV  
  106  7:07  Refinery  
  106  7:08  Refinery  
  106  7:10  SCV x2, Supply Depot  
  106  7:11  Supply Depot x2  
  106  7:12  SCV, Marine x2  
  106  7:13  Command Center, Marine x2  
  106  7:14  Marine  
  114  7:19  Marine x3  
  117  7:27  Terran Infantry Weapons Level 2  
  117  7:31  Terran Infantry Armor Level 2, Marine x2  
  117  7:32  Siege Tank, Supply Depot  
  117  7:33  SCV x2  
  117  7:34  SCV  
  125  7:40  Marine x6  
  131  7:46  Supply Depot  
  131  7:47  Supply Depot  
  129  8:00  Marine x4  
  129  8:01  Marine x5  
  129  8:04  Siege Tank  
  141  8:10  Medivac x2  
  145  8:15  SCV  
  145  8:16  SCV x2  
  145  8:18  Marine x5  
  145  8:19  Marine x4  
  157  8:25  Factory  
  157  8:27  Factory  
  157  8:36  SCV x3  
  160  8:53  Marine x6  
  160  8:54  Siege Tank, Marine x3  
  160  8:55  Medivac x2  
  176  8:56  Barracks  
  176  8:58  Terran Vehicle Weapons Level 1, Barracks  
  176  9:11  Marine x2  
  127  9:31  Marine  
  127  9:32  Marine x8  
  127  9:33  Siege Tank  
  119  9:42  Factory Tech Lab  
  113  9:49  Marine x2  
  113  9:50  Marine x3  
  118  10:05  Siege Tank  
  113  10:07  Marine x7  
  113  10:08  Marine x4  
  113  10:09  Siege Tank  
  124  10:15  Planetary Fortress  
  124  10:17  Factory Reactor  
  124  10:25  Marine x2  
  126  10:32  Barracks Reactor x2  
  126  10:36  Marine x6  
  126  10:37  Medivac x2  
  126  10:38  Siege Tank  
  126  10:41  Siege Tank  
  142  10:48  SCV x3  
  145  10:50  Refinery  
  145  10:51  Refinery  
  145  10:58  Widow Mine x2  
  145  10:59  Marine x7  
  145  11:00  SCV, Marine x2  
  145  11:02  SCV  
  162  11:07  Medivac x2  
  162  11:10  Siege Tank  
  167  11:13  Siege Tank  
  167  11:17  Marine x7  
  177  11:22  Command Center  
  177  11:25  Widow Mine x2, Marine x3  
  181  11:26  Marine x3  
  187  11:34  Marine x2  
  187  11:35  Marine x5  
Show
View Real Time Build Order
Export as new Build Order

Sapien Zerg 

Build Orders: Hatch First 

Get SALT Encoding   

  12  0:01  Drone  
  13  0:12  Overlord  
  13  0:18  Drone  
  14  0:30  Drone x2  
  16  0:49  Hatchery  
  15  0:52  Drone  
  15  0:54  Drone  
  17  0:58  Drone  
  18  1:09  Extractor  
  17  1:13  Spawning Pool  
  17  1:16  Drone  
  17  1:20  Drone  
  18  1:28  Drone  
  19  1:40  Drone  
  20  1:49  Drone  
  21  2:02  Queen x2  
  21  2:03  Zergling x4  
  27  2:13  Overlord  
  27  2:18  Hatchery  
  26  2:23  Drone  
  26  2:24  Drone  
  27  2:39  Spore Crawler, Drone  
  27  2:40  Drone  
  28  2:44  Queen  
  28  2:47  Metabolic Boost  
  30  2:53  Overlord  
  30  2:56  Drone  
  31  3:02  Drone  
  32  3:08  Drone x3  
  35  3:13  Drone  
  35  3:15  Drone x3  
  39  3:20  Overlord  
  39  3:26  Queen  
  41  3:36  Drone x2  
  41  3:37  Overlord  
  43  3:42  Zergling x6  
  43  3:43  Zergling x2  
  43  3:48  Queen  
  47  3:52  Drone  
  51  3:55  Zergling x6  
  53  4:07  Queen  
  53  4:08  Overlord  
  53  4:09  Drone  
  56  4:14  Drone  
  56  4:16  Spore Crawler, Drone  
  57  4:24  Queen  
  59  4:32  Drone, Lair  
  59  4:34  Drone  
  59  4:35  Extractor  
  59  4:38  Drone x3  
  63  4:56  Baneling Nest  
  63  4:57  Drone  
  63  4:58  Evolution Chamber  
  63  4:59  Queen  
  62  5:00  Evolution Chamber  
  63  5:10  Overlord  
  63  5:11  Drone x11  
  63  5:14  Overlord x2, Extractor  
  74  5:15  Extractor  
  74  5:18  Drone x2  
  74  5:27  Zerg Ground Armor Level 1  
  74  5:28  Drone  
  74  5:30  Drone x3  
  74  5:31  Drone x2  
  74  5:32  Extractor  
  79  5:50  Zerg Melee Weapons Level 1  
  79  5:52  Overlord  
  79  5:54  Drone x3  
  79  5:55  Overlord x2, Drone  
  83  6:05  Zergling x14  
  83  6:08  Baneling x2  
  83  6:10  Centrifical Hooks  
  90  6:14  Zergling x12  
  96  6:25  Hatchery  
  95  6:36  Baneling x4  
  95  6:37  Baneling x3  
  95  6:38  Drone  
  95  6:39  Drone x2  
  98  6:42  Drone, Extractor  
  98  6:43  Drone x3  
  98  6:46  Drone x3  
  104  6:54  Overlord x3  
  104  7:00  Pneumatized Carapace  
  104  7:01  Burrow  
  104  7:02  Overlord x2  
  104  7:25  Zergling x2  
  104  7:26  Zergling x32  
  121  7:33  Zerg Ground Armor Level 2  
  121  7:34  Hydralisk Den  
  121  7:35  Infestation Pit  
  119  7:41  Drone x5, Queen  
  119  7:43  Overlord  
  126  7:45  Zerg Melee Weapons Level 2  
  126  8:06  Hydralisk x10  
  126  8:09  Grooved Spines  
  126  8:11  Overlord x2  
  146  8:18  Hive  
  146  8:19  Zergling x4  
  148  8:23  Drone x3  
  151  8:33  Drone x6  
  157  8:35  Extractor  
  157  8:36  Extractor  
  155  8:47  Drone x3  
  155  8:48  Drone x2  
  160  8:49  Drone  
  160  8:53  Hatchery  
  160  9:01  Baneling x18  
  160  9:02  Zergling x20  
  170  9:03  Zergling x8  
  174  9:21  Muscular Augments  
  134  9:35  Zergling x26  
  134  9:36  Zergling x16  
  134  9:43  Zergling x6  
  129  9:46  Baneling  
  129  9:47  Baneling x3  
  129  9:50  Adrenal Glands  
  129  9:55  Ultralisk Cavern  
  112  10:07  Zergling x16  
  112  10:09  Baneling  
  112  10:10  Baneling x18  
  112  10:11  Queen  
  121  10:22  Drone x3  
  121  10:23  Overlord  
  124  10:33  Extractor  
  123  10:38  Extractor  
  122  10:54  Ultralisk x2  
  122  10:55  Ultralisk x2  
  146  10:58  Zergling x2  
  146  10:59  Zergling x32  
  163  11:17  Ultralisk x2  
  175  11:19  Zergling x14  
Tags
 
Add a new tag
Caveats
  • Supply blocks, unpowered buildings, or Contaminate may cause inaccurate times.
  • Supply counts are checked every 10 seconds.